 Dungeon Crawl Stone Soup version 0.30-a0-297-g0ec75d9ef4 (webtiles) character file.

Game seed: 3028106012263793994

336 plokij the Covered (level 6, -1/56 HPs)
             Began as a Minotaur Berserker on Oct 19, 2022.
             Was a Believer of Trog.
             Killed by nerve-wracking pain
             ... invoked by Grinder
              (11 damage)
             ... on level 5 of the Dungeon.
             The game lasted 00:10:37 (3836 turns).

plokij the Covered (Minotaur Berserker)             Turns: 3836, Time: 00:10:38

Health: -1/56      AC:  9    Str: 23    XL:     6   Next: 28%
Magic:  5/5        EV:  9    Int:  4    God:    Trog [**....]
Gold:   244        SH:  0    Dex: 10    Spells: 5/5 levels left

rFire   . . .      SeeInvis .    u - +0 war axe
rCold   . . .      Faith    .    (no shield)
rNeg    . . .      Spirit   .    m - +0 chain mail
rPois   .          Reflect  .    (helmet restricted)
rElec   .          Harm     .    w - scarf {shadows}
rCorr   .          Rampage  .    (no gloves)
Will    .....                    (no boots)
Stlth   ..........               (no amulet)
HPRegen 0.29/turn                (no ring)
MPRegen 0.09/turn                (no ring)

@: on berserk cooldown, slowed, very slow
A: horns 2, retaliatory headbutt
a: Renounce Religion, Berserk, Trog's Hand


You were on level 5 of the Dungeon.
You worshipped Trog.
Trog was pleased with you.
You visited 1 branch of the dungeon, and saw 5 of its levels.

You collected 244 gold pieces.

Inventory:

Hand Weapons
 u - a +0 war axe (weapon)
Missiles
 v - 2 throwing nets (quivered)
Armour
 m - a +0 chain mail (worn)
 w - a scarf of shadows (worn)
Jewellery
 s - a ring of wizardry
Wands
 q - a wand of digging (1)
 r - a wand of flame (22)
Scrolls
 a - a scroll of brand weapon {unknown}
 d - 3 scrolls of teleportation {unknown}
 f - 2 scrolls of immolation {unknown}
 g - 2 scrolls of amnesia {unknown}
 h - 8 scrolls of identify {unknown}
 i - a scroll of acquirement {unknown}
 j - a scroll of enchant weapon {unknown}
 l - a scroll of summoning {unknown}
 o - a scroll of silence {unknown}
 t - a scroll of fear {unknown}
Potions
 c - 3 potions of curing {unknown}
 e - 2 potions of haste {unknown}
 k - a potion of heal wounds {unknown}
 n - a potion of experience {unknown}
 p - 2 potions of mutation {unknown}
 x - a potion of degeneration {unknown}


   Skills:
 + Level 5.0 Fighting
 + Level 5.0 Axes
 + Level 5.0 Armour
 * Level 4.3 Dodging


You had 5 spell levels left.
You didn't know any spells.
Your spell library contained the following spells:

 Spells                   Type           Power      Damage    Failure   Level
 Cigotuvi's Dreadful Rot  Necr/Pois/Air  0%         N/A       99%         2
 Static Discharge         Conj/Air       0%         2-2/arc   99%         2
 Vhi's Electric Charge    Tloc/Air       0%         N/A       100%        3
 Dispel Undead            Necr           0%         3d6       100%        4
 Arcjolt                  Conj/Air       0%         1d10      100%        5
 Lightning Bolt           Conj/Air       0%         1d11      100%        5
 Death Channel            Necr           0%         N/A       100%        6


Dungeon Overview and Level Annotations

Branches:
Dungeon (5/15)
 Temple: D:4-7

Altars:
Fedhas
Nemelex Xobeh
Zin

Shops:
D:4 ?

Annotations:
D:5 Grinder


Innate Abilities, Weirdness & Mutations

You have a pair of horns on your head.
You reflexively headbutt those who attack you in melee.


Message History

You feel yourself slow down.
You closely miss Grinder.
Grinder blinks!
Grinder gestures at you.
You suddenly lose the ability to move!
Grinder gestures at you.
You barely resist.
You can move again.
You slash Grinder!
Grinder is moderately wounded.
Grinder hits you but does no damage. Grinder barely misses you.
You hit Grinder. Your headbutt misses Grinder.
Grinder is heavily wounded.
Grinder gestures at you.
You barely resist. You barely miss Grinder.
Grinder is heavily wounded.
Grinder gestures at you. Pain shoots through your body!
Grinder blinks!
There is a sparkling altar of Nemelex Xobeh here.
Grinder gestures at you. Pain shoots through your body! Grinder hits you.
You writhe in agony.
Grinder gestures at you. Pain shoots through your body!
You see here 6 stones.
You closely miss Grinder.
Grinder is heavily wounded.
Grinder hits you.
You writhe in agony.
* * * LOW HITPOINT WARNING * * *
You hit Grinder. You headbutt Grinder!
Grinder is severely wounded.
Grinder hits you but does no damage. Grinder hits you.
* * * LOW HITPOINT WARNING * * *
You hit Grinder. You headbutt Grinder, but do no damage.
Grinder is almost dead.
Grinder gestures at you.
You barely resist. Grinder gestures at you. Pain shoots through your body!
You die...

.....##.#........ #.#
....##.#'###+### ###
#.# >..##.#.....# #.#
#..##.#.###.# # #.#
#..##.#.....###.# #.#
#..##.'.._..'...# #.#
#.....#.....#...#
##.####.##.#.###.#####
........##.#....@#
##.####.##.#+###5## #.#
#.##.. #..#
#.####.########..###.
##.....................
..................###..
#######.#########.# #.#
)# #.# .#


You could see Grinder.

Vanquished Creatures
  A necrophage (D:4)
  A hound (D:4)
  Crazy Yiuf (D:4)
  Ijyb (D:3)
  An orc wizard (D:4)
  4 adders
  5 gnolls (D:4)
  2 dart slugs
  9 orcs
  3 bats
  An endoplasm (D:4)
  8 giant cockroaches
  6 goblins
  3 hobgoblins
  4 jackals
  5 quokkas
  7 ball pythons
  A frilled lizard (D:1)
  4 kobolds
  4 rats
71 creatures vanquished.

Vanquished Creatures (others)
  3 fungi (D:4)
  40 plants (D:4)
43 creatures vanquished.

Grand Total: 114 creatures vanquished

Notes
Turn   | Place    | Note
-------+----------+-------------------------------------------
     0 | D:1      | plokij the Minotaur Berserker began the quest for the Orb.
     0 | D:1      | Reached XP level 1. HP: 19/19 MP: 0/0
   301 | D:1      | Reached XP level 2. HP: 27/27 MP: 1/1
  1465 | D:2      | Identified the +1 robe of Opimys {rElec Str+3}
  1639 | D:2      | Reached XP level 3. HP: 33/33 MP: 2/2
  2004 | D:3      | Found a glowing silver altar of Zin.
  2004 | D:3      | Noticed an angel
  2305 | D:3      | Noticed Ijyb
  2312 | D:3      | Killed Ijyb
  2313 | D:3      | Reached XP level 4. HP: 40/40 MP: 3/3
  2631 | D:4      | Found Eleopuk's Magic Scroll Shop.
  2704 | D:4      | Found a blossoming altar of Fedhas.
  2707 | D:4      | Reached ** piety under Trog
  2821 | D:4      | Reached XP level 5. HP: 39/47 MP: 4/4
  3355 | D:4      | Reached XP level 6. HP: 55/55 MP: 5/5
  3640 | D:4      | Found a runed translucent door.
  3641 | D:4      | Noticed Crazy Yiuf
  3647 | D:4      | Killed Crazy Yiuf
  3648 | D:4      | Reached skill level 5 in Fighting
  3648 | D:4      | Reached skill level 5 in Axes
  3648 | D:4      | Reached skill level 5 in Armour
  3722 | D:5      | Entered Level 5 of the Dungeon
  3767 | D:5      | Found a sparkling altar of Nemelex Xobeh.
  3813 | D:5      | Noticed Grinder
  3813 | D:5      | Paralysed by Grinder for 3 turns
  3824 | D:5      | Paralysed by Grinder for 2 turns
  3836 | D:5      | Killed from afar by Grinder

Illustrated notes

Levels and vault maps discovered:
D:1:      dpeg_arrival_windows_large_door, layout_basic, minmay_bisected
D:2:      layout_loops_ring
D:3:      layout_basic, zin_angel, minmay_misc_feat_nine_boxes, uniq_ijyb
D:4:      wad_woods_tower, layout_loops_ring, fedhas_altar_1, serial_shops,
          nicolae_shop_window_shopping, grunt_ministairs_9,
          uniq_crazy_yiuf_cottage
D:5:      layout_basic, mainiacjoe_overflow_six_doors_small, uniq_menkaure,
          uniq_duvessa, uniq_blork_the_orc, uniq_grinder

Skill      XL: |  1  2  3  4  5  6 |
---------------+-------------------+-----
Armour         | 3 4 5 |  5.0
Axes           | 4 5 |  5.0
Fighting       | 4 5 |  5.0
Dodging        | 3 4 |  4.3

Action                   |  1- 3 |  4- 6 || total
-------------------------+-------+-------++-------
Melee: Hand axe          |    70 |    64 ||   134
       Headbutt          |     6 |    18 ||    24
       War axe           |       |    59 ||    59
Invok: Berserk           |     1 |     4 ||     5
Armor: Animal skin       |     4 |       ||     4
       Chain mail        |    23 |    66 ||    89
Dodge: Dodged            |    39 |    47 ||    86

Table legend: (Time is in decaauts)
 A = Elapsed time spent in this place.
 B = Non-inter-level travel time spent in this place.
 C = Inter-level travel time spent in this place.
 D = Time resting spent in this place.
 E = Time spent auto-exploring this place.
 F = Levels seen in this place.
 G = Mean time per level.
                   A        B        C        D        E       F      G
               +--------+--------+--------+--------+--------+-----+--------+
         Total |   3905 |   3270 |    635 |    203 |   2457 |   5 |  781.0 |
       Dungeon |   3905 |   3270 |    635 |    203 |   2457 |   5 |  781.0 |
               +--------+--------+--------+--------+--------+-----+--------+

Top non-repeatable levels by time:
     D:1: 1292 daAuts
     D:4: 1142 daAuts
     D:2: 676 daAuts
     D:3: 674 daAuts
     D:5: 120 daAuts
